 Dungeon Crawl Stone Soup version 0.31-a0-986-g5e6e4ef867 (webtiles) character file.

Game seed: 15726476091114698349

188 wildpjah the Slasher (level 5, 0/31 HPs)
             Began as a Tengu Gladiator on Nov 21, 2023.
             Killed from afar by Sigmund (7 damage)
             ... with a magic dart
             ... on level 3 of the Dungeon.
             The game lasted 00:04:28 (2397 turns).

wildpjah the Slasher (Tengu Gladiator)              Turns: 2397, Time: 00:04:29

Health: 0/31       AC:  7    Str: 20    XL:     5   Next: 67%
Magic:  6/6        EV: 29    Int:  9    God:
Gold:   130        SH:  0    Dex: 17    Spells: 4/4 levels left

rFire   . . .        a - +0 long sword
rCold   . . .        (no shield)
rNeg    . . .        b - +0 leather armour
rPois   .            c - +0 hat
rElec   .            o - scarf {harm}
rCorr   .            (no gloves)
SInv    .            (boots unavailable)
Will    .....        (no amulet)
Stlth   +            g - +4 ring of protection
HPRegen 0.25/turn    n - +6 ring of strength
MPRegen 0.10/turn

%: harm (+30% outgoing, +20% incoming), acrobat
@: acrobatic
A: beak, talons 3, acrobatic
a: no special abilities


You were on level 3 of the Dungeon.
You visited 1 branch of the dungeon, and saw 3 of its levels.

You collected 130 gold pieces.

Inventory:

Hand Weapons
 a - a +0 long sword (weapon)
 t - a +4 dagger
Missiles
 d - 3 throwing nets (quivered)
 w - 2 boomerangs
Armour
 b - a +0 leather armour (worn)
 c - a +0 hat (worn)
 o - a scarf of harm (worn)
Jewellery
 g - a +4 ring of protection (left hand)
 n - a +6 ring of strength (right hand)
Wands
 u - a wand of roots (18)
Scrolls
 f - 2 scrolls of poison {unknown}
 h - a scroll of acquirement {unknown}
 j - a scroll of immolation {unknown}
 k - 4 scrolls of identify {unknown}
 l - 2 scrolls of amnesia {unknown}
 m - a scroll of brand weapon {unknown}
 q - 3 scrolls of revelation {unknown}
 r - 2 scrolls of teleportation {unknown}
Potions
 e - a potion of lignification {unknown}
 i - a potion of haste {unknown}
 p - a potion of curing {unknown}
 s - a potion of brilliance {unknown}


   Skills:
 + Level 2.3 Fighting
 + Level 0.4(3.0) Short Blades
 + Level 4.7(4.8) Long Blades
 + Level 2.1 Throwing
 * Level 2.7 Armour
 * Level 4.4 Dodging
 + Level 0.5 Stealth


You had 4 spell levels left.
You didn't know any spells.
Your spell library was empty.

Dungeon Overview and Level Annotations

Branches:
Dungeon (3/15)

Altars:
Makhleb

Annotations:
D:3 Sigmund


Innate Abilities, Weirdness & Mutations

You have a beak for a mouth.
You have claws for feet.
You can magically evade attacks while moving or waiting.


Message History

You slash the ball python!
You kill the ball python!
No target in view!
No target in view!
Sigmund the Dreaded comes into view.
He is wielding a +0 scythe.
Sigmund is nearby!
Throw: javelin
Press: ? - help, Q - select action, (/) - cycle Shift-Dir - straight line, f - Sigmund
Aim: Sigmund, wielding a +0 scythe and wearing a +0 robe (55% to hit)
You throw a javelin. The javelin pierces through Sigmund!
Sigmund is moderately wounded.
Sigmund casts a spell at you. The puff of flame hits you!
Sigmund casts a spell at you.
You are confused.
You bump into the rock wall.
Sigmund mumbles some strange words.
Sigmund flickers and vanishes!
Deactivating autopickup; reactivate with Ctrl-A.
You bump into the rock wall.
You hear some strange, mumbled words.
You are more confused.
Something completely misses you.
You bump into the rock wall.
You're too confused to move!
Something hits you but does no damage.
You barely miss something. Your kick misses something.
Your peck misses something. Something hits you!
You miss something. Your kick misses something. Something misses you.
You bump into the rock wall.
Something hits you.
You bump into the rock wall.
You bump into the rock wall.
Something hits you.
* * * LOW HITPOINT WARNING * * *
You're too confused to move!
Something hits you but does no damage.
You bump into the rock wall.
You feel less confused.
You hear some strange, mumbled words.
A magic dart appears from out of thin air!
The magic dart hits you.
You die...

#.####.##)##.#######....<.# #
#.####.......#####........#####
#.##.........#.................
#.##.#.......#.# #........#####
#.##.#.........# #........#
#..............# #..#.##..#
####.##.....##.# #........#
####.#########.# ####.#####
#.......# #@# #.# #.##.##.#
#..{..# #.# #.##.##.# #.....#
#.# #.##.##.# #.....# #.#
#.##.##.# #.....# #># #.##.##.#
#..(..# #.#### #.......#
####### #....# ####.####
##########.# #.# #......# #.#


There were no monsters in sight!

Vanquished Creatures
  A jelly (D:3)
  Terence (D:2)
  Robin (D:2)
  3 gnolls (D:2)
  2 adders (D:2)
  A dart slug (D:1)
  7 ball pythons
  9 bats
  6 endoplasms
  2 giant cockroaches
  15 goblins
  4 hobgoblins (D:2)
  2 jackals (D:1)
  5 kobolds
  2 quokkas
  3 frilled lizards
  4 rats (D:1)
68 creatures vanquished.

Notes
Turn   | Place    | Note
-------+----------+-------------------------------------------
     0 | D:1      | wildpjah the Tengu Gladiator began the quest for the Orb.
     0 | D:1      | Reached XP level 1. HP: 12/12 MP: 2/2
    98 | D:1      | Reached XP level 2. HP: 5/17 MP: 3/3
   214 | D:1      | Noticed a golden eye
   215 | D:1      | Found a faded altar of an unknown god.
   216 | D:1      | Noticed an eye of devastation
   216 | D:1      | Noticed a golden eye
   216 | D:1      | Noticed an eye of devastation
   424 | D:1      | Reached XP level 3. HP: 21/21 MP: 4/4
  1135 | D:2      | Reached skill level 1 in Armour
  1425 | D:2      | Noticed Robin
  1429 | D:2      | Reached XP level 4. HP: 22/26 MP: 5/5
  1450 | D:2      | Killed Robin
  1841 | D:2      | Found a burning altar of Makhleb.
  1933 | D:2      | Reached XP level 5. HP: 29/30 MP: 6/6
  1938 | D:2      | Noticed Terence
  1942 | D:2      | Killed Terence
  2379 | D:3      | Noticed Sigmund
  2397 | D:3      | Killed from afar by Sigmund

Illustrated notes

Levels and vault maps discovered:
D:1:      dpeg_arrival_shrine, layout_basic,
          hellmonk_ecumenical_altar_watching_god
D:2:      layout_basic, basic_altar, nicolae_twisty_statue_hallways,
          uniq_terence, uniq_robin
D:3:      layout_loops_cross, uniq_sigmund

Skill      XL: |  1  2  3  4 |
---------------+-------------+-----
Dodging        | 4 |  4.4
Long Blades    | 4 |  4.7
Armour         | 1 2 |  2.7
Fighting       | |  2.3
Short Blades   | |  0.4
Throwing       | |  2.1
Stealth        | |  0.5

Action                     |  1- 3 |  4- 6 || total
---------------------------+-------+-------++-------
  Melee: Long sword        |    70 |    58 ||   128
         Kick              |    11 |    18 ||    29
         Peck              |     8 |    11 ||    19
         Punch             |     1 |       ||     1
         Dagger            |       |    10 ||    10
  Throw: Javelin           |       |     2 ||     2
   Stab: Sleeping          |     1 |       ||     1
 Armour: Leather armour    |    29 |    43 ||    72
  Dodge: Dodged            |    71 |    40 ||   111

Table legend: (Time is in decaauts)
 A = Elapsed time spent in this place.
 B = Non-inter-level travel time spent in this place.
 C = Inter-level travel time spent in this place.
 D = Time resting spent in this place.
 E = Time spent auto-exploring this place.
 F = Levels seen in this place.
 G = Mean time per level.
                   A        B        C        D        E       F      G
               +--------+--------+--------+--------+--------+-----+--------+
         Total |   2419 |   2404 |     15 |      0 |   1979 |   3 |  806.3 |
       Dungeon |   2419 |   2404 |     15 |      0 |   1979 |   3 |  806.3 |
               +--------+--------+--------+--------+--------+-----+--------+

Top non-repeatable levels by time:
     D:2: 1078 daAuts
     D:1: 1066 daAuts
     D:3: 274 daAuts
